 Dungeon Crawl Stone Soup version 0.30.1-4-g462c640d31 (webtiles) character file.

Game seed: 139340568127413067

8619 Cheops the Jinx (level 11, -13/57 HPs)
             Began as a Deep Elf Conjurer on Aug 24, 2023.
             Was an Initiate of Vehumet.
             Killed from afar by Lodul (23 damage)
             ... with a bolt of lightning
             ... on level 10 of the Dungeon.
             The game lasted 01:17:00 (14931 turns).

Cheops the Jinx (Deep Elf Conjurer)                Turns: 14931, Time: 01:17:01

Health: -13/57     AC: 11    Str:  8    XL:     11   Next: 12%
Magic:  11/26      EV: 14    Int: 26    God:    Vehumet [......]
Gold:   392        SH:  9    Dex: 19    Spells: 14/28 levels left

rFire   . . .        a - +2 dagger (venom)
rCold   . . .        t - +3 buckler
rNeg    + . .        H - +3 leather armour {rN+}
rPois   +            L - +2 helmet {SInv}
rElec   .            (no cloak)
rCorr   .            G - +0 pair of gloves
SInv    +            y - +0 pair of boots
Will    +....        g - amulet of regeneration
Stlth   ++           d - +6 ring of dexterity
HPRegen 1.09/turn    x - ring "Dututof" {rPois Str+4 Int-2 Slay+2 SInv}
MPRegen 0.20/turn

%: no passive effects
@: no status effects
A: no striking features
a: Renounce Religion


You were on level 10 of the Dungeon.
You worshipped Vehumet.
Vehumet was noncommittal.
You visited 2 branches of the dungeon, and saw 11 of its levels.
You also visited: Bailey.

You collected 563 gold pieces.
You spent 171 gold pieces at shops.

Inventory:

Hand Weapons
 a - a +2 dagger of venom (weapon)
 b - a +2 whip of flaming
Armour
 t - a +3 buckler (worn)
 y - a +0 pair of boots (worn)
 G - a +0 pair of gloves (worn)
 H - a +3 leather armour of positive energy (worn)
 L - a +2 helmet of see invisible (worn)
Magical Staves
 c - a staff of air
Jewellery
 d - a +6 ring of dexterity (left hand)
 g - an amulet of regeneration (around neck)
 s - a ring of protection from fire
 x - the ring "Dututof" (right hand) {rPois Str+4 Int-2 Slay+2 SInv}
   (You found it on level 6 of the Dungeon)

   [ring of poison resistance]

   Str:       It affects your strength (+4).
   Int:       It affects your intelligence (-2).
   Slay:      It affects your accuracy & damage with ranged weapons and melee
   (+2).
   rPois:     It protects you from poison.
   SInv:      It lets you see invisible.
 K - a ring of poison resistance
Wands
 q - a wand of roots (21)
 r - a wand of digging (6)
 D - a wand of paralysis (13)
 N - a wand of acid (6)
 O - a wand of polymorph (10)
Scrolls
 i - 4 scrolls of teleportation
 j - a scroll of magic mapping
 k - a scroll of blinking
 n - a scroll of brand weapon
 o - a scroll of torment {unknown}
 p - a scroll of amnesia
 v - 3 scrolls of immolation
 w - a scroll of vulnerability
 F - a scroll of fog
Potions
 e - 4 potions of mutation {unknown}
 f - 3 potions of might {unknown}
 h - 7 potions of curing
 l - 2 potions of haste {unknown}
 m - 3 potions of heal wounds {unknown}
 u - a potion of degeneration {unknown}
 z - a potion of invisibility {unknown}
 A - 2 potions of flight {unknown}
 B - a potion of lignification {unknown}
 E - 3 potions of ambrosia {unknown}
 J - a potion of attraction


   Skills:
 - Level 2.0 Fighting
 - Level 2.0 Armour
 - Level 6.0 Dodging
 - Level 2.4 Stealth
 - Level 5.0 Shields
 - Level 9.0 Spellcasting
 - Level 9.0 Conjurations
 - Level 11.0 Hexes
 - Level 7.0 Translocations
 + Level 5.0 Evocations


You had 14 spell levels left.
You knew the following spells:

 Your Spells              Type           Power      Damage    Failure   Level
a - Magic Dart            Conj           100%       1d8       1%          1
b - Searing Ray           Conj           100%       2d8       1%          2
d - Dazzling Flash        Conj/Hex       100%       N/A       1%          3
i - Iskenderun's Mystic   Conj/Tloc      52%        2d11      4%          4
p - Fulminant Prism       Conj/Hex       29%        3d14      1%          4

Your spell library contained the following spells:

 Spells                   Type           Power      Damage    Failure   Level
 Beastly Appendage        Tmut           22%        N/A       11%         1
 Summon Small Mammal      Summ           44%        N/A       11%         1
 Call Canine Familiar     Summ           11%        N/A       32%         3
 Spider Form              Tmut/Pois      11%        N/A       32%         3


Dungeon Overview and Level Annotations

Branches:
Dungeon (10/15)            Temple (1/1) D:7            Lair (0/5) D:9
 Bailey (visited)
    Orc: D:9-12

Altars:
Ashenzari
Cheibriados
Dithmenos
Elyvilon
Fedhas
Gozag
Makhleb
Nemelex Xobeh
Okawaru
Qazlal
Trog
Uskayaw
Vehumet
Xom
Jiyva

Shops:
D:1 *[(:

Annotations:
D:10 Lodul


Message History

You hear a shout! x2
You block the ogre's attack.
Your fulminant prism crackles loudly.
An ogre comes into view. It is wielding a +0 giant club.
Your fulminant prism explodes!
The blast of energy engulfs the troll!!
You kill the troll!
Vehumet accepts your kill.
The blast of energy engulfs Lodul!!
Lodul is moderately wounded.
The blast of energy engulfs the ogre!!
The ogre is severely wounded.
The blast of energy engulfs the ogre!!
You kill the ogre!
Vehumet accepts your kill.
The blast of energy engulfs the ogre!!
You kill the ogre!
Vehumet accepts your kill.
The blast of energy engulfs the ogre!!
The ogre is severely wounded.
The blast of energy engulfs the ogre!!
You kill the ogre!
Vehumet accepts your kill.
Your Evocations skill increases to level 4!
Casting: Iskenderun's Mystic Blast (dangerous; 4% risk of failure)
Confirm with . or Enter, or press ? or * to list all spells.
You erupt in a blast of force!
The mystic blast hits the ogre!
You kill the ogre!
Vehumet accepts your kill.
The mystic blast hits the ogre!
You kill the ogre!
Vehumet accepts your kill.
Electricity crackles from Lodul's apparatus.
The bolt of lightning hits you!!
Ouch! That really hurt!
* * * LOW HITPOINT WARNING * * *
Your Evocations skill increases to level 5!
Electricity crackles from Lodul's apparatus.
The bolt of lightning hits you!!
You die...

##+##########
.#
###########.##
#.............
#.............
.#..†..........
O.....).[......
#O/O!)........
#...))@.......
##############


You could see Lodul and 2 ogres.

Vanquished Creatures
  Pikel (D:4)
  An orc knight (Bailey)
  An oklob plant (D:9)
  A troll (D:10)
  2 hornets (D:9)
  Prince Ribbit (D:8)
  6 yaks (D:9)
  3 steam dragons
  Edmund (D:5)
  A water moccasin (D:9)
  17 orc warriors
  An ice beast (D:8)
  A black bear (D:7)
  4 sky beasts
  10 ogres
  A centaur (D:9)
  3 lemures
  A phantom (D:6)
  2 kobold brigands (D:8)
  2 bullfrogs
  5 scorpions
  3 killer bees (D:7)
  3 howler monkeys
  An oklob sapling (D:9)
  A quasit (D:6)
  A jelly (D:8)
  3 orc priests
  4 hounds
  A sleepcap (D:7)
  Natasha (thrice) (D:3)
  2 iguanas
  7 orc wizards
  Terence (D:2)
  A statue (D:9)
  13 adders
  13 gnolls
  4 shadow imps
  A white imp (D:6)
  5 ufetubi
  A worm (D:2)
  5 dart slugs
  28 orcs
  9 endoplasms
  2 giant cockroaches
  13 goblins
  10 hobgoblins
  3 jackals
  8 kobolds
  6 quokkas
  14 ball pythons
  7 bats
  3 frilled lizards (D:2)
  3 rats (D:1)
244 creatures vanquished.

Vanquished Creatures (others)
  55 fulminant prisms
55 creatures vanquished.

Grand Total: 299 creatures vanquished

Notes
Turn   | Place    | Note
-------+----------+-------------------------------------------
     0 | D:1      | Cheops the Deep Elf Conjurer began the quest for the Orb.
     0 | D:1      | Reached XP level 1. HP: 10/10 MP: 6/6
   162 | D:1      | Reached XP level 2. HP: 15/15 MP: 1/8
   242 | D:1      | Reached skill level 5 in Conjurations
   304 | D:1      | Found Roaklor's General Store.
   345 | D:1      | Found Curesil's Armour Shop.
   826 | D:1      | Found Hadwej Ixua's Antique Weapon Shop.
   828 | D:1      | Found Pinunt's Book Shop.
   922 | D:1      | Bought 2 potions of curing for 72 gold pieces
   988 | D:2      | Learned a level 2 spell: Searing Ray
  1022 | D:2      | Reached XP level 3. HP: 19/19 MP: 7/10
  1376 | D:2      | Noticed Terence
  1382 | D:2      | Killed Terence
  1383 | D:2      | Reached XP level 4. HP: 20/24 MP: 2/12
  1388 | D:2      | Learned a level 4 spell: Fulminant Prism
  2451 | D:3      | Noticed Natasha
  2461 | D:3      | Killed Natasha
  2462 | D:3      | Reached skill level 2 in Hexes
  2638 | D:3      | Reached XP level 5. HP: 28/28 MP: 9/13
  2662 | D:3      | Reached skill level 3 in Hexes
  2967 | D:3      | Noticed Natasha
  2969 | D:3      | Killed Natasha
  3108 | D:3      | Noticed Natasha
  3114 | D:3      | Killed Natasha
  3411 | D:1      | Bought a scroll of teleportation for 36 gold pieces
  3437 | D:4      | Noticed Pikel
  3437 | D:4      | Noticed a lemure
  3437 | D:4      | Noticed a lemure
  3437 | D:4      | Noticed a lemure
  3437 | D:4      | Noticed a lemure
  3437 | D:4      | Noticed an ogre
  3574 | D:3      | Learned a level 4 spell: Iskenderun's Mystic Blast
  3884 | D:3      | Killed an ogre
  3885 | D:3      | Reached skill level 1 in Translocations
  3885 | D:3      | Reached XP level 6. HP: 32/32 MP: 8/14
  4487 | D:4      | Reached skill level 4 in Hexes
  4516 | D:4      | Reached skill level 5 in Hexes
  4668 | D:4      | Killed Pikel
  4669 | D:4      | Reached skill level 6 in Hexes
  4669 | D:4      | Reached skill level 5 in Spellcasting
  4669 | D:4      | Reached XP level 7. HP: 31/36 MP: 4/18
  4762 | D:4      | Reached skill level 7 in Hexes
  4870 | D:4      | Found a bloodstained altar of Trog.
  4956 | D:4      | Reached XP level 8. HP: 41/41 MP: 17/19
  5138 | D:4      | Learned a level 3 spell: Dazzling Flash
  5272 | D:5      | Entered Level 5 of the Dungeon
  5365 | D:5      | Noticed Edmund
  5743 | D:5      | Killed Edmund
  5922 | D:5      | Found a shadowy altar of Dithmenos.
  6305 | D:5      | Reached skill level 5 in Dodging
  6305 | D:5      | Reached skill level 1 in Fighting
  7560 | D:5      | Found a shadowy altar of Dithmenos.
  7854 | D:6      | Reached skill level 8 in Hexes
  7928 | D:6      | Identified the ring "Dututof" {rPois Str+4 Int-2 Slay+2
                  | SInv}
  8058 | D:6      | Reached XP level 9. HP: 33/48 MP: 16/21
  8357 | D:6      | Reached skill level 9 in Hexes
  8967 | D:1      | Bought a +0 helmet for 63 gold pieces
  9251 | D:7      | Reached skill level 1 in Shields
  9749 | D:7      | Reached skill level 1 in Armour
 10050 | D:7      | Found a staircase to the Ecumenical Temple.
 10279 | Temple   | Entered the Ecumenical Temple
 10443 | D:8      | Reached skill level 10 in Hexes
 10542 | D:8      | Noticed Prince Ribbit
 10565 | D:8      | Killed Prince Ribbit
 10646 | D:8      | Found a flagged portal.
 10656 | Bailey   | Entered a bailey
 10955 | Bailey   | Reached XP level 10. HP: 52/53 MP: 2/24
 10963 | Bailey   | Reached skill level 11 in Hexes
 11952 | Bailey   | Noticed an orc knight
 11971 | Bailey   | Killed an orc knight
 12099 | Bailey   | Reached skill level 5 in Translocations
 12237 | Bailey   | Identified the +5 scale mail of Indemnity {Drain rN++}
 12756 | D:8      | Found a stormy altar of Qazlal.
 12763 | D:8      | Found a blossoming altar of Fedhas.
 13526 | D:9      | Found a staircase to the Lair.
 13601 | D:9      | Reached skill level 5 in Shields
 13831 | D:9      | Noticed an oklob plant
 13904 | D:9      | Reached skill level 1 in Evocations
 13994 | D:9      | Found a radiant altar of Vehumet.
 14539 | D:9      | Got Hogef's Elucidation of Nature
 14672 | D:9      | Killed an oklob plant
 14673 | D:9      | Reached XP level 11. HP: 46/57 MP: 18/26
 14807 | D:9      | Became a worshipper of Vehumet
 14834 | D:10     | Entered Level 10 of the Dungeon
 14925 | D:10     | Noticed Lodul
 14931 | D:10     | Reached skill level 5 in Evocations
 14931 | D:10     | Killed from afar by Lodul

Illustrated notes

Levels and vault maps discovered:
D:1:      dpeg_arrival_boxorama, layout_rooms, serial_shops,
          nicolae_shop_tiny_glass, shop, shop, shop
D:2:      layout_loops_ring, serial_glass, glass_columns_c, glass_columns_a,
          nicolae_underground_beach, uniq_terence
D:3:      layout_basic, minmay_goblin_outpost, uniq_natasha
D:4:      minmay_chambers_of_twos, layout_gridville, mainiacjoe_overflow_paths,
          kennysheep_flooded_box, lightli_corner_chamber, uniq_pikel
D:5:      kb_forest_paths, layout_basic, kennysheep_mini, uniq_edmund
D:6:      layout_loops_ring, serial_demonic, serial_demonic_a, serial_demonic_b,
          serial_demonic_c, serial_demonic_f
D:7:      layout_loops_ring, minmay_temple_entry_gardened_gates
D:8:      layout_cave_pools, grunt_temple_overflow_forces_of_nature,
          enter_bailey_6, uniq_prince_ribbit1
D:9:      layout_loops_cross, vehumet_statue, lair_entry_dummy,
          introduction_to_nature_1
D:10:     layout_roguey, zin_scriptorium, mainiacjoe_overflow_alcove_2,
          nicolae_overflow_hallway_of_the_gods,
          kennysheep_orc_monster_closet_entryway, minmay_misc_feat_square,
          uniq_lodul, uniq_sonja, uniq_maggie
Temple:   pf_slimified_temple

Skill      XL: |  1  2  3  4  5  6  7  8  9 10 11 |
---------------+----------------------------------+-----
Conjurations   | 5 6 7 8 9 |  9.0
Spellcasting   | 4 6 7 8 9 |  9.0
Dodging        | 3 5 6 |  6.0
Hexes          | 2 3 6 7 8 10 11 | 11.0
Translocations | 1 3 4 7 |  7.0
Fighting       | 2 |  2.0
Shields        | 3 5 |  5.0
Armour         | 2 |  2.0
Evocations     | 3 5 |  5.0
Stealth        | |  2.4

Action                     |  1- 3 |  4- 6 |  7- 9 | 10-12 || total
---------------------------+-------+-------+-------+-------++-------
  Melee: Whip              |       |       |     2 |       ||     2
         Dagger            |       |       |     3 |       ||     3
   Cast: Magic Dart        |    62 |    77 |    33 |    32 ||   204
         Searing Ray       |     2 |    17 |    57 |    26 ||   102
         Fulminant Prism   |       |     3 |    24 |    28 ||    55
         Iskenderun's Myst |       |     1 |     2 |    14 ||    17
  Evoke: Wand              |       |       |       |     1 ||     1
    Use: Scroll            |       |     3 |     6 |     6 ||    15
         Potion            |       |       |       |     1 ||     1
 Armour: Robe              |       |     2 |     4 |       ||     6
         Leather armour    |       |       |     7 |    13 ||    20
  Dodge: Dodged            |     3 |     8 |    83 |    38 ||   132
  Block: Buckler           |       |       |     8 |    25 ||    33
